 Dungeon Crawl Stone Soup version 0.27.0-1-g7a089689b8 (webtiles) character file.

Game seed: 17552673939508525433

342 RepoMan the Covert (level 6, -5/48 HPs)
             Began as a Spriggan Delver on Aug 9, 2021.
             Slain by a vampire (9 damage)
             ... on level 13 of the Dungeon.
             The game lasted 00:10:03 (499 turns).

RepoMan the Covert (Spriggan Delver)                 Turns: 499, Time: 00:10:04

Health: -5/48      AC: 23    Str:  8    XL:     6   Next: 30%
Magic:  7/7        EV:  4    Int: 12    God:
Gold:   14         SH:  5    Dex: 18    Spells: 5/5 levels left

rFire    . . .     SeeInvis +   a - +0 short sword
rCold    . . .     Faith    .   i - +0 buckler
rNeg     + + +     Spirit   .   (armour currently unavailable)
rPois    +         Reflect  .   (helmet currently unavailable)
rElec    .         Harm     .   (cloak currently unavailable)
rCorr    .         Rampage  .   (gloves unavailable)
Will     .....     NoTele   +   (boots unavailable)
Stlth    +++++.....             (no amulet)
HPRegen  0.16/turn              (no ring)
MPRegen  0.10/turn              (no ring)

@: tree-form (expiring), weak-willed, hasted, very quick
A: stationary, stasis, torment immunity, boosted hp, very small, no large
weapons, unfitting armour, see invisible, (speed 3)
a: no special abilities


You were on level 13 of the Dungeon.
You were a tree.
You visited 1 branch of the dungeon, and saw 9 of its levels.

You collected 14 gold pieces.

Inventory:

Hand Weapons
 a - a +0 short sword (weapon)
Armour
 b - a +0 robe
 i - a +0 buckler (worn)
 l - +0 steam dragon scales (melded)
Wands
 d - a wand of iceblast (1)
 g - a wand of digging (1)
Scrolls
 c - a scroll of fog


   Skills:
 - Level 2.4 Fighting
 + Level 4.1 Short Blades
 + Level 5.0 Dodging
 * Level 10.1 Stealth


You had 5 spell levels left.
You didn't know any spells.
Your spell library was empty.

Dungeon Overview and Level Annotations

Branches:
Dungeon (13/15)
 Temple: D:4-7         Lair: D:8-11         Orc: D:9-12      Vaults: D:13-14

Altars:
Wu Jian

Annotations:
D:12 Jorgrun, Nessos


Innate Abilities, Weirdness & Mutations

You are a tree.
Your roots penetrate the ground, keeping you stationary.
You cannot be teleported.
You are immune to unholy pain and torment.
Your maximum health is greatly increased.
Your equipment is partially melded.
You are very small and have problems with some larger weapons.
You are too small for most types of armour.
You have supernaturally acute eyesight. (SInv)
((You cover ground extremely quickly. (Speed+++)))


Message History

You block the vampire's attack.
Unknown command.
Okay, then.
You feel yourself speed up.
The vampire casts a spell.
The vampire flickers and vanishes for a moment.
Unknown command.
You barely miss the vampire. You hit the vampire but do no damage.
You block the vampire's attack.
The vampire bites you but does no damage.
You hit the vampire.
The vampire is lightly damaged.
Your transformation is almost over.
The vampire hits you.
* * * LOW HITPOINT WARNING * * *
The vampire bites you but does no damage.
You hit the vampire but do no damage.
The vampire is lightly damaged.
You hit the vampire but do no damage.
The vampire is lightly damaged.
The vampire hits you but does no damage.
The vampire bites you but does no damage.
Unknown command.
You hit the vampire but do no damage.
The vampire is lightly damaged.
You block the vampire's attack.
The vampire bites you but does no damage.
You hit the vampire but do no damage.
The vampire is lightly damaged.
You hit the vampire but do no damage.
The vampire is lightly damaged.
You block the vampire's attack.
The vampire bites you but does no damage.
You completely miss the vampire.
The vampire is lightly damaged.
You cannot move.
You hit the vampire but do no damage.
The vampire is lightly damaged.
The vampire barely misses you. The vampire bites you!
You die...

###########
#.........## ..
#<.....#
#.#.#V###..#####
#.....#....V♣..#
#.#.#...#..###.#
...#.###..# #
.... #......#
.#.$#C#####.##
#..........#
...#.#######


You could see a vampire (invisible, weak-willed).

Vanquished Creatures
  A steam dragon (D:8)
  A water moccasin (D:7)
  A black bear (D:7)
  An iguana (D:7)
4 creatures vanquished.

Vanquished Creatures (others)
  17 plants (D:9)
17 creatures vanquished.

Grand Total: 21 creatures vanquished

Notes
Turn   | Place    | Note
-------+----------+-------------------------------------------
     0 | D:5      | RepoMan the Spriggan Delver began the quest for the Orb.
     0 | D:5      | Reached XP level 1. HP: 11/11 MP: 2/2
    34 | D:6      | Noticed a black bear
    35 | D:6      | Found an ornate altar of the Wu Jian Council.
    97 | D:6      | Noticed a scorpion
   137 | D:7      | Noticed an iguana
   143 | D:7      | Killed an iguana
   144 | D:7      | Reached skill level 8 in Stealth
   144 | D:7      | Reached XP level 2. HP: 16/16 MP: 3/3
   145 | D:7      | Noticed a steam dragon
   175 | D:7      | Noticed a water moccasin
   178 | D:7      | Killed a water moccasin
   179 | D:7      | Reached skill level 9 in Stealth
   179 | D:7      | Reached XP level 3. HP: 19/19 MP: 4/4
   179 | D:7      | Reached XP level 4. HP: 23/23 MP: 5/5
   191 | D:7      | Noticed a black bear
   201 | D:7      | Killed a black bear
   202 | D:7      | Reached XP level 5. HP: 27/27 MP: 6/6
   262 | D:8      | Noticed a steam dragon
   265 | D:8      | Killed a steam dragon
   266 | D:8      | Reached skill level 5 in Dodging
   266 | D:8      | Reached skill level 10 in Stealth
   266 | D:8      | Reached XP level 6. HP: 32/32 MP: 7/7
   325 | D:9      | Noticed a hog
   354 | D:9      | Noticed an orc warrior
   371 | D:10     | Entered Level 10 of the Dungeon
   382 | D:10     | Noticed a two-headed ogre
   382 | D:10     | Noticed a yak
   382 | D:10     | Noticed a yak
   382 | D:10     | Noticed a yak
   383 | D:10     | Noticed a yak
   435 | D:11     | Noticed a kobold demonologist
   454 | D:12     | Noticed Nessos
   454 | D:12     | Noticed Jorgrun
   454 | D:12     | Noticed a troll
   454 | D:12     | Noticed a vampire
   454 | D:12     | Noticed a two-headed ogre
   454 | D:12     | Noticed an unseen horror
   467 | D:13     | Noticed a cyclops
   499 | D:13     | Slain by a vampire

Illustrated notes

Levels and vault maps discovered:
D:5:      layout_basic, mainiacjoe_overflow_alcove_4, kennysheep_little_box,
          uniq_ijyb, uniq_pikel
D:6:      layout_loops_ring, mainiacjoe_overflow_tiny_flanked,
          ebering_ghost_rock_garden
D:7:      layout_layer_cave, minmay_temple_entry_mist,
          nicolae_ossuary_entry_ruins, minmay_stone_trees_small
D:8:      layout_loops_ring, enter_bailey_1, chequers_serial_rivers_micro_b,
          jiyva_altar_1
D:9:      kennysheep_town
D:10:     layout_roguey, serial_bayou_pond_d, uniq_urug
D:11:     layout_loops_ring, minmay_lair_entry_grove, david_orc_2,
          portal_ice_cave_entry_pillars_2
D:12:     layout_cross, uniq_nessos, uniq_jorgrun
D:13:     layout_loops_cross, special_room [special_room_orc]

Skill      XL: |  1  2  3  4  5 |
---------------+----------------+-----
Dodging        | 3 4 5 |  5.0
Stealth        | 8 9 10 | 10.1
Short Blades   | 3 4 |  4.1
Fighting       | |  2.4

Action                   |  1- 3 |  4- 6 || total
-------------------------+-------+-------++-------
Melee: Short sword       |     2 |    21 ||    23
Evoke: Wand              |       |     2 ||     2
  Use: Scroll            |       |     4 ||     4
       Potion            |       |     2 ||     2
 Stab: Sleeping          |     2 |     2 ||     4
Armor: Skin              |       |    17 ||    17
       Steam dragon scal |       |     4 ||     4
Dodge: Dodged            |       |    13 ||    13
Block: Buckler           |       |    10 ||    10
